 Dungeon Crawl Stone Soup version 0.28-a0-1038-g9c4cb8273d (webtiles) character file.

Game seed: 4480559613271443834

16241 fragbeetle the Cleaver (level 12, -8/105 HPs)
             Began as a Minotaur Fighter on Dec 8, 2021.
             Was a Priest of the Shining One.
             Mangled by a large abomination (22 damage)
             ... in a Gauntlet.
             The game lasted 00:41:37 (15957 turns).

fragbeetle the Cleaver (Minotaur Fighter)          Turns: 15957, Time: 00:41:38

Health: -8/105     AC: 15    Str: 23    XL:     12   Next: 8%
Magic:  12/15      EV: 15    Int:  7    God:    the Shining One [***...]
Gold:   455        SH: 20    Dex: 11    Spells: 8/11 levels left

rFire   . . .      SeeInvis .   V - +3 war axe (venom)
rCold   . . .      Faith    .   s - +2 kite shield {rN+}
rNeg    + + +      Spirit   .   T - +4 ring mail
rPois   .          Reflect  .   (helmet restricted)
rElec   .          Harm     .   K - +1 cloak
rCorr   .          Rampage  .   O - +0 pair of gloves
Will    .....      NoTele   +   (no boots)
Stlth   ..........              (no amulet)
HPRegen 0.27/turn               j - +4 ring of evasion
MPRegen 0.14/turn               D - ring of positive energy

@: divinely shielded, glowing
A: horns 2, retaliatory headbutt
a: Renounce Religion, Divine Shield, Cleansing Flame


You were in a Gauntlet.
You worshipped the Shining One.
The Shining One was most pleased with you.
You visited 3 branches of the dungeon, and saw 13 of its levels.
You also visited: Sewer, Ossuary and Gauntlet.

You collected 505 gold pieces.
You spent 50 gold pieces at shops.

Inventory:

Hand Weapons
 r - a +0 flail of freezing
 P - the +8 quarterstaff "Yrawieq" {spect, +Blink Int-2 SInv}
   (You found it on level 6 of the Dungeon)

   When its wielder attacks, the weapon's spirit leaps out and strikes again.
   The spirit shares a part of any damage it takes with its wielder.
   Int:       It affects your intelligence (-2).
   SInv:      It lets you see invisible.
   +Blink:    It lets you blink.
 Q - a +0 whip of flaming
 V - a +3 war axe of venom (weapon)
Missiles
 z - 3 boomerangs of dispersal (quivered)
Armour
 s - a +2 kite shield of positive energy (worn)
 K - a +1 cloak (worn)
 O - a +0 pair of gloves (worn)
 T - a +4 ring mail (worn)
Jewellery
 j - a +4 ring of evasion (left hand)
 k - a ring of resist corrosion
 D - a ring of positive energy (right hand)
 S - a ring of protection from cold
Wands
 p - a wand of charming (10)
 I - a wand of flame (47)
 M - a wand of mindburst (5)
 U - a wand of polymorph (7)
 Y - a wand of digging (6)
Scrolls
 b - a scroll of blinking {unknown}
 c - a scroll of identify
 e - 2 scrolls of amnesia
 f - 7 scrolls of fog
 h - a scroll of summoning {unknown}
 i - 2 scrolls of teleportation
 m - a scroll of silence {unknown}
 n - 5 scrolls of fear
 w - 2 scrolls of brand weapon
 B - a scroll of enchant weapon {unknown}
 E - 4 scrolls of magic mapping
 F - 2 scrolls of enchant armour
 G - a scroll of immolation
 L - a scroll of vulnerability {unknown}
 X - a scroll of holy word {unknown}
Potions
 d - a potion of might
 g - 6 potions of flight
 l - a potion of degeneration {unknown}
 q - 2 potions of brilliance {unknown}
 t - 3 potions of invisibility
 u - 5 potions of cancellation
 v - 2 potions of magic
 x - 3 potions of haste
 A - 2 potions of lignification {unknown}
 J - 3 potions of mutation {unknown}
 N - a potion of attraction {unknown}
 W - a potion of resistance {unknown}


   Skills:
 + Level 9.6 Fighting
 + Level 12.6(13.5) Axes
 + Level 8.0(11.3) Maces & Flails
 + Level 9.5 Armour
 + Level 6.1 Dodging
 + Level 7.9 Shields
 * Level 4.3 Transmutations
 * Level 5.7 Invocations
 + Level 1.3 Evocations


You had 8 spell levels left.
You knew the following spells:

 Your Spells              Type           Power      Damage    Failure   Level
a - Sting                 Tmut/Pois      12%        1d3       56%         1
b - Wereblood             Tmut           6%         N/A       41%         2

Your spell library contained the following spells:

 Spells                   Type           Power      Damage    Failure   Level
 Beastly Appendage        Tmut           12%        N/A       28%         1
 Spider Form              Tmut/Pois      3%         N/A       91%         3
 Blink                    Tloc           0%         N/A       95%         2
 Ensorcelled Hibernation  Hex/Ice        0%         N/A       95%         2
 Poisonous Vapours        Pois/Air       0%         N/A       95%         2
 Dazzling Flash           Conj/Hex       0%         N/A       99%         3
 Gell's Gravitas          Tloc           0%         N/A       99%         3
 Lesser Beckoning         Tloc           0%         N/A       99%         3
 Teleport Other           Tloc           0%         N/A       99%         3
 Tukima's Dance           Hex            0%         N/A       99%         3
 Animate Dead             Necr           0%         N/A       100%        4
 Olgreb's Toxic Radiance  Pois           0%         N/A       100%        4
 Agony                    Necr           0%         N/A       100%        5
 Manifold Assault         Tloc           0%         N/A       100%        5
 Silence                  Hex/Air        0%         N/A       100%        5
 Haunt                    Necr/Summ      0%         N/A       100%        7
 Infestation              Necr           0%         N/A       100%        8


Dungeon Overview and Level Annotations

Branches:
Dungeon (11/15)            Temple (1/1) D:6            Lair (1/6) D:8
  Sewer (visited)         Ossuary (visited)         Gauntlet (1/1)
    Orc: D:9-12

Altars:
Ashenzari
Cheibriados
Dithmenos
Elyvilon
Fedhas
Gozag
Hepliaklqana
Kikubaaqudgha
Makhleb
Nemelex Xobeh
Okawaru
Qazlal
Ru
Sif Muna
Trog
Uskayaw
Vehumet
Wu Jian
Xom
Yredelemnul
Zin
The Shining One

Shops:
D:4 *

Annotations:
D:8 3 runed translucent doors Gauntlet 15 transporters


Innate Abilities, Weirdness & Mutations

You have a pair of horns on your head.
You reflexively headbutt those who attack you in melee.


Message History

You block the small abomination's attack. x2
You slash the small abomination!
You destroy the small abomination!
The Shining One accepts your kill.
You feel better.
You hit the large abomination but do no damage.
You headbutt the large abomination!
The large abomination is severely damaged.
You block the large abomination's attack.
You slash the large abomination!
The large abomination is almost destroyed.
You hit the large abomination but do no damage.
The large abomination is almost destroyed.
You block the large abomination's attack.
You hit the large abomination.
The large abomination is almost destroyed.
The large abomination hits you!!
* * * LOW HITPOINT WARNING * * *
You hit the large abomination but do no damage.
The large abomination is almost destroyed.
The large abomination hits you!
* * * LOW HITPOINT WARNING * * *
You hit the large abomination but do no damage.
The large abomination is almost destroyed.
The large abomination hits you but does no damage.
Okay, then.
You hit the large abomination but do no damage.
You headbutt the large abomination.
The large abomination is almost destroyed.
You block the large abomination's attack.
You hit the large abomination.
You destroy the large abomination!
The Shining One accepts your kill.
You feel better.
Your shield is strengthened by the Shining One's divine power.
You hit the large abomination but do no damage.
You headbutt the large abomination, but do no damage.
The large abomination is severely damaged.
The large abomination hits you!!
You die...

©...........©# .. .#####
############ ##
.#§≈8≈§#©.........©..... ≈8
.####################### ##
.#.........#.#..?.©[.. ..
.#..##.##..#.##.##.## # .##
.#.#..#..#.#.##.##.##.## ..#
.#.#..#©.#.#.#.....#.#.#. ...
©#©.#####..#.###@##.##.#.#....©..
##?#..#..#.#.###X##.##.#.#.#.....
.#(#..#..#Z#.##.......##.#.##...#
.#..##.##ZZ#.#.##.##.###.#..##.##
.#........Z#.#.##.##.###.#.......
.###########.###########.########
..................©..............
.................................
#################.∩.#############


You could see a large abomination.

Vanquished Creatures
  Snorg (D:10)
  A two-headed ogre (D:10)
  2 tengu warriors (D:10)
  3 death yaks (D:8)
  Sonja (D:10)
  Pikel (D:8)
  A gargoyle (D:6)
  Maggie (D:6)
  A rime drake (Lair:1)
  A cane toad (Lair:1)
  2 komodo dragons (Lair:1)
  Grinder (D:3)
  A large abomination (Gauntlet)
  3 small abominations (Gauntlet)
  3 wraiths
  2 wyverns
  13 yaks
  A steam dragon (D:7)
  Menkaure (D:6)
  2 acid dragons
  3 water moccasins
  2 black bears
  7 orc warriors
  An ice beast (D:6)
  3 ogres
  A centaur (D:8)
  A rime drake zombie (D:10)
  4 kobold brigands
  2 elf zombies (D:4)
  2 scorpions
  A water moccasin zombie (D:5)
  2 water moccasin skeletons
  5 killer bees (D:7)
  3 howler monkeys (D:8)
  7 electric eels (D:10)
  9 centaur zombies
  3 jellies
  A bullfrog zombie (D:7)
  4 human zombies (D:4)
  A centaur skeleton (D:7)
  8 orc priests
  4 hounds
  Crazy Yiuf (D:6)
  6 iguanas
  A human skeleton (D:4)
  Natasha (thrice) (D:3)
  13 orc wizards
  A killer bee zombie (D:7)
  5 hound skeletons
  6 mummies (Ossuary)
  A howler monkey zombie (D:6)
  7 adders
  2 shadow imps
  A white imp (D:8)
  An ufetubus (D:4)
  2 adder skeletons (D:4)
  A worm (D:4)
  A dart slug (D:2)
  46 orcs
  8 ball pythons
  4 bats
  8 endoplasms
  9 giant cockroaches
  5 goblins
  2 hobgoblins
  10 jackals
  5 quokkas
  5 frilled lizards
  4 hobgoblin zombies (Ossuary)
  28 kobolds
  2 orc skeletons (D:4)
  2 orc zombies (D:4)
  9 rats
  2 butterflies (D:6)
317 creatures vanquished.

Vanquished Creatures (others)
  A kobold (Sewer)
  A fungus (Sewer)
  7 plants (Sewer)
  22 withered plants (Gauntlet)
31 creatures vanquished.

Grand Total: 348 creatures vanquished

Notes
Turn   | Place    | Note
-------+----------+-------------------------------------------
     0 | D:1      | fragbeetle the Minotaur Fighter began the quest for the
                  | Orb.
     0 | D:1      | Reached XP level 1. HP: 19/19 MP: 0/0
   305 | D:1      | Reached XP level 2. HP: 27/27 MP: 1/1
  1319 | D:2      | Reached skill level 3 in Axes
  1331 | D:2      | Reached XP level 3. HP: 33/33 MP: 2/2
  1819 | D:2      | Found a faded altar of an unknown god.
  2014 | D:3      | Reached XP level 4. HP: 40/40 MP: 3/3
  2047 | D:3      | Noticed Grinder
  2066 | D:3      | Found a glowing drain.
  2077 | D:3      | Noticed Natasha
  2084 | D:3      | Killed Natasha
  2085 | D:3      | Reached skill level 4 in Axes
  2108 | Sewer    | Entered a sewer
  2249 | Sewer    | Noticed a kobold brigand
  2249 | Sewer    | Noticed a kobold brigand
  2263 | Sewer    | Killed a kobold brigand
  2264 | Sewer    | Reached skill level 1 in Dodging
  2264 | Sewer    | Reached XP level 5. HP: 31/47 MP: 4/4
  2272 | Sewer    | Reached skill level 5 in Axes
  2482 | Sewer    | Reached XP level 6. HP: 55/55 MP: 5/5
  2701 | D:3      | Found a burning altar of Makhleb.
  2707 | D:3      | Found an iron altar of Okawaru.
  2715 | D:3      | Found a hazy altar of Hepliaklqana.
  2716 | D:3      | Found an ornate altar of the Wu Jian Council.
  2765 | D:3      | You fall into a shaft and drop 3 floors!
  2800 | D:6      | Reached skill level 5 in Armour
  2806 | D:6      | Noticed a gargoyle
  2844 | D:6      | Noticed a water moccasin
  2846 | D:6      | Killed a gargoyle
  2847 | D:6      | Reached skill level 5 in Fighting
  2847 | D:6      | Reached skill level 6 in Axes
  2847 | D:6      | Reached skill level 5 in Shields
  2847 | D:6      | Reached XP level 7. HP: 35/61 MP: 6/6
  3125 | D:6      | Noticed Maggie
  3133 | D:6      | Reached skill level 7 in Axes
  3159 | D:6      | Reached XP level 8. HP: 55/70 MP: 7/7
  3160 | D:6      | Found a staircase to the Ecumenical Temple.
  3164 | D:5      | Entered Level 5 of the Dungeon
  3415 | D:5      | Found a broken altar of Ashenzari.
  3515 | D:5      | Reached skill level 8 in Axes
  4386 | D:4      | Reached skill level 9 in Axes
  4389 | D:4      | Learned a level 1 spell: Sting
  4412 | D:4      | Found a sand-covered staircase.
  4541 | Ossuary  | Entered an ossuary
  4838 | D:4      | Reached XP level 9. HP: 77/78 MP: 8/8
  5060 | D:4      | Found Raronte's General Store.
  5065 | D:4      | Bought a potion of heal wounds for 50 gold pieces
  5764 | D:3      | Noticed Natasha
  5767 | D:3      | Killed Natasha
  5769 | D:3      | Noticed Natasha
  5774 | D:3      | Killed Natasha
  5971 | D:3      | Paralysed by Grinder for 2 turns
  5987 | D:3      | Killed Grinder
  5988 | D:3      | Reached skill level 10 in Axes
  6298 | D:6      | Identified the +8 quarterstaff "Yrawieq" {spect, +Blink
                  | Int-2 SInv}
  6456 | D:6      | Noticed Menkaure
  6484 | Temple   | Entered the Ecumenical Temple
  6604 | Temple   | Became a worshipper of the Shining One
  7119 | D:7      | Reached skill level 11 in Axes
  7699 | D:7      | Found a sacrificial altar of Ru.
  7881 | D:7      | Reached skill level 1 in Invocations
  8002 | D:7      | Found an ancient bone altar of Kikubaaqudgha.
  8169 | D:8      | Reached * piety under the Shining One
  8177 | D:8      | Noticed Pikel
  8188 | D:8      | Killed Pikel
  8189 | D:8      | Reached skill level 12 in Axes
  8189 | D:8      | Reached XP level 10. HP: 88/88 MP: 8/10
  8561 | D:8      | Noticed a death yak
  8576 | D:8      | Noticed a death yak
  8672 | D:9      | Reached skill level 1 in Maces & Flails
  9629 | D:9      | Learned a level 2 spell: Wereblood
 10546 | D:8      | Noticed a death yak
 10730 | D:6      | Killed Menkaure
 10731 | D:6      | Reached skill level 5 in Dodging
 11090 | D:6      | Found a runed translucent door.
 11091 | D:6      | Noticed Crazy Yiuf
 11097 | D:6      | Killed Crazy Yiuf
 11098 | D:6      | Reached skill level 1 in Transmutations
 11166 | D:6      | Killed Maggie
 11232 | D:8      | Killed a death yak
 11238 | D:8      | Killed a death yak
 11239 | D:8      | Reached skill level 5 in Maces & Flails
 11249 | D:8      | Reached XP level 11. HP: 15/95 MP: 9/13
 11253 | D:8      | Killed a death yak
 11610 | D:8      | Found a staircase to the Lair.
 11627 | D:8      | Found a runed translucent gate.
 11627 | D:8      | Found a runed translucent gate.
 11627 | D:8      | Found a runed translucent gate.
 11631 | D:8      | Noticed a cyan ugly thing
 11631 | D:8      | Noticed a green ugly thing
 11632 | D:8      | Noticed a white ugly thing
 11632 | D:8      | Noticed a red ugly thing
 12327 | D:10     | Entered Level 10 of the Dungeon
 12976 | D:10     | Noticed a two-headed ogre
 12983 | D:10     | Killed a two-headed ogre
 13659 | D:11     | Noticed a tengu warrior
 13659 | D:11     | Noticed a tengu warrior
 13675 | D:10     | Killed a tengu warrior
 14177 | D:10     | Reached ** piety under the Shining One
 14267 | D:10     | Reached skill level 5 in Invocations
 14310 | D:10     | Noticed a tengu warrior
 14328 | D:10     | Killed a tengu warrior
 14626 | D:10     | Noticed Sonja
 14639 | D:10     | Killed Sonja
 14856 | D:10     | Noticed Snorg
 14882 | D:10     | HP: 1/97 [Snorg (15)]
 14907 | D:10     | Killed Snorg
 14908 | D:10     | Reached skill level 1 in Evocations
 15327 | Lair:1   | Entered Level 1 of the Lair of Beasts
 15327 | Lair:1   | Found a gate leading to a gauntlet.
 15490 | Lair:1   | Reached XP level 12. HP: 57/105 MP: 15/15
 15580 | Gauntlet | Entered a Gauntlet
 15580 | Gauntlet | Found a transporter.
 15747 | Gauntlet | Found a transporter.
 15758 | Gauntlet | Found a transporter.
 15763 | Gauntlet | Found a transporter.
 15769 | Gauntlet | Noticed a dire elephant
 15778 | Gauntlet | Found a transporter.
 15797 | Gauntlet | Found a transporter.
 15809 | Gauntlet | Found a transporter.
 15812 | Gauntlet | Reached *** piety under the Shining One
 15821 | Gauntlet | Found a transporter.
 15833 | Gauntlet | Found a transporter.
 15839 | Gauntlet | Found a transporter.
 15839 | Gauntlet | Found a transporter.
 15854 | Gauntlet | Found a transporter.
 15864 | Gauntlet | Noticed a catoblepas
 15871 | Gauntlet | Found a transporter.
 15891 | Gauntlet | Found a transporter.
 15918 | Gauntlet | Found a transporter.
 15918 | Gauntlet | Found a transporter.
 15952 | Gauntlet | HP: 5/105 [large abomination (14)]
 15957 | Gauntlet | Mangled by a large abomination

Illustrated notes

Levels and vault maps discovered:
D:1:      erik_arrival_triangle_small, layout_basic, serial_co_window_serial,
          co_window_paths_b, co_window_corner_a, co_window_paths_a,
          co_window_paths_a, co_window_corner_a, co_window_corner_a,
          co_window_paths_a, co_window_paths_a, co_window_paths_b,
          co_window_corner_cb, co_window_2corner, co_window_of_opportunity_b,
          co_window_corner_b, co_window_corner_b, co_window_paths_c,
          co_window_4corner_b, glass_columns_a, glass_columns_a,
          glass_columns_c, glass_columns_a, nrook_mini_vaults,
          chequers_serial_rivers_small_b
D:2:      layout_loops_ring, chequers_ecumenical_altar_grove
D:3:      layout_basic, minitemple, portal_sewer_entry_f, uniq_grinder,
          uniq_natasha
D:4:      layout_cave_pods, serial_shops, nicolae_shop_hallway_plus,
          nicolae_ossuary_entry_catacombs
D:5:      layout_loops_corners, evilmike_ruin_ashenzari
D:6:      layout_cave_pools, minmay_temple_entry_butterflies, serial_glass,
          glass_columns_a, glass_columns_c, minmay_between, uniq_maggie,
          uniq_menkaure, uniq_crazy_yiuf_cottage
D:7:      layout_loops_ring, nicolae_overflow_crystal_walls,
          mainiacjoe_overflow_alcove_4
D:8:      layout_loops_ring, dpeg_lair_monsters,
          ploomutoo_gammafunk_ghost_potion_laboratory, uniq_pikel
D:9:      layout_long_grid
D:10:     erik_rubicon_a, layout_irregular_city, uniq_sonja, uniq_snorg
D:11:     layout_long_grid, david_orc_4
Temple:   regret_index_temple_generic_petals
Lair:1:   layout_big_grid, gauntlet_entry_generic, grunt_megastairs_1
Gauntlet: gammafunk_gauntlet_one_two_three [gammafunk_gauntlet_arena_crates,
          gammafunk_gauntlet_arena_split_diamond,
          nicolae_gauntlet_arena_quarters, gammafunk_gauntlet_arena_open,
          nicolae_gauntlet_arena_flowing_pool, gammafunk_gauntlet_arena_hedges,
          nicolae_gauntlet_arena_grate_2, nicolae_gauntlet_swirl,
          gammafunk_gauntlet_arena_grid, gauntlet_exit_hidden_loot]

Skill      XL: |  1  2  3  4  5  6  7  8  9 10 11 |
---------------+----------------------------------+-----
Armour         | 4 5 6 7 8 9 |  9.5
Shields        | 4 5 6 7 |  7.9
Fighting       | 4 5 6 8 9 |  9.6
Axes           | 3 4 5 6 7 9 12 | 12.6
Dodging        | 1 2 3 4 5 6 |  6.1
Invocations    | 1 4 5 |  5.7
Maces & Flails | 5 8 |  8.0
Transmutations | 2 4 |  4.3
Evocations     | 1 |  1.3

Action                   |  1- 3 |  4- 6 |  7- 9 | 10-12 || total
-------------------------+-------+-------+-------+-------++-------
Melee: War axe           |   102 |    91 |   409 |    80 ||   682
       Headbutt          |    10 |    17 |    76 |   105 ||   208
       Whip              |       |       |       |   351 ||   351
       Flail             |       |       |       |   107 ||   107
 Cast: Sting             |       |       |       |     1 ||     1
Invok: Divine Shield     |       |       |       |     6 ||     6
Evoke: Wand              |       |     1 |     1 |    20 ||    22
  Use: Scroll            |     1 |       |     7 |    10 ||    18
       Potion            |       |     1 |       |     8 ||     9
Armor: Scale mail        |    43 |    35 |    80 |    45 ||   203
       Ring mail         |       |       |       |    82 ||    82
Dodge: Dodged            |    72 |    82 |   215 |   233 ||   602
Block: Buckler           |    20 |    26 |    79 |   108 ||   233
       Kite shield       |       |       |       |    82 ||    82

Table legend: (Time is in decaauts)
 A = Elapsed time spent in this place.
 B = Non-inter-level travel time spent in this place.
 C = Inter-level travel time spent in this place.
 D = Time resting spent in this place.
 E = Time spent auto-exploring this place.
 F = Levels seen in this place.
 G = Mean time per level.
                   A        B        C        D        E       F      G
               +--------+--------+--------+--------+--------+-----+--------+
         Total |  15972 |  15549 |    423 |   3730 |   7853 |  16 |  998.2 |
       Dungeon |  14283 |  13860 |    423 |   3311 |   7149 |  11 | 1298.5 |
        Temple |    234 |    234 |      0 |      0 |    194 |   1 |  234.0 |
          Lair |    251 |    251 |      0 |     96 |      0 |   1 |  251.0 |
         Sewer |    553 |    553 |      0 |      0 |    347 |   1 |  553.0 |
       Ossuary |    272 |    272 |      0 |    169 |     21 |   1 |  272.0 |
      Gauntlet |    376 |    376 |      0 |    154 |    142 |   1 |  376.0 |
               +--------+--------+--------+--------+--------+-----+--------+

Top non-repeatable levels by time:
    D:10: 2455 daAuts
     D:8: 1907 daAuts
     D:9: 1596 daAuts
     D:6: 1535 daAuts
     D:7: 1473 daAuts
     D:1: 1219 daAuts
     D:5: 1165 daAuts
     D:4: 1135 daAuts
     D:3: 837 daAuts
     D:2: 769 daAuts
   Sewer: 553 daAuts
Gauntlet: 376 daAuts
 Ossuary: 272 daAuts
  Lair:1: 251 daAuts
  Temple: 234 daAuts
